 Dungeon Crawl Stone Soup version 0.18-a0-19-g8b99b3a (webtiles) character file.

53 tp1 the Magician (level 3, 0/19 HPs)
             Began as a Deep Elf Fire Elementalist on Nov 1, 2015.
             Succumbed to Ijyb's poison
             ... on level 1 of the Dungeon.
             The game lasted 00:06:34 (1260 turns).

tp1 the Magician (Deep Elf Fire Elementalist)       Turns: 1260, Time: 00:06:34

Health: 0/19       AC:  2    Str:  5    XL:     3   Next: 62%
Magic:  4/10       EV: 13    Int: 20    God:
Gold:   91         SH:  0    Dex: 15    Spells: 1 memorised, 9 levels left

rFire  + . .     SeeInvis .     f - +0 short sword
rCold  + . .     Clarity  .     a - +0 robe
rNeg   . . .     SustAt   .     (no shield)
rPois  +         Gourm    .     (no helmet)
rElec  +         Spirit   .     l - +0 cloak
rCorr  +         Warding  .     n - -2 pair of gloves (curse)
rMut   .         Stasis   +     (no boots)
MR     .....                    m - amulet of stasis
Stlth  ++........               (no ring)
                                (no ring)

@: lethally poisoned (0 -> -25), resistant, flying, very slightly contaminated,
not resistant to hostile enchantments, unstealthy
A: no striking features
a: no special abilities


You were on level 1 of the Dungeon.
You were not hungry.

You visited 1 branch of the dungeon, and saw 2 of its levels.

You collected 91 gold pieces.

Inventory:

Hand Weapons
 f - a +0 short sword (weapon)
Armour
 a - a +0 robe (worn)
 l - a +0 cloak (worn)
 n - a cursed -2 pair of gloves (worn)
Jewellery
 m - an amulet of stasis (around neck)
Scrolls
 d - a scroll of random uselessness {unknown}
 e - a scroll of recharging {unknown}
 j - a scroll of identify {unknown}
 q - a scroll of teleportation {unknown}
 s - a scroll of immolation {unknown}
Potions
 g - a potion of haste
Books
 b - a book of Flames

   Spells                             Type                      Level
   a - Flame Tongue                   Conjuration/Fire             1
   b - Throw Flame                    Conjuration/Fire             2
   c - Conjure Flame                  Conjuration/Fire             3
   d - Inner Flame                    Hexes/Fire                   3
   e - Sticky Flame                   Conjuration/Fire             4
   f - Fireball                       Conjuration/Fire             5
Comestibles
 c - a bread ration
 r - 6 chunks of flesh
 t - a meat ration


   Skills:
 - Level 2.4 Dodging
 - Level 2.4 Stealth
 + Level 4.0 Spellcasting
 - Level 3.2 Conjurations
 - Level 3.2 Fire Magic


You had 9 spell levels left.
You knew the following spells:

 Your Spells              Type           Power        Failure   Level  Hunger
a - Flame Tongue          Conj/Fire      ###..        3%          1    None


Dungeon Overview and Level Annotations

Branches:
Dungeon (2/15)

Altars:
Dithmenos
Okawaru

Annotations:
D:1 Ijyb


Message History

* * * LOW HITPOINT WARNING * * *
You feel sick. The bat closely misses you. Ijyb hits you but does no damage.
Casting: Flame Tongue
Confirm with . or Enter, or press ? or * to list all spells.
Aiming: Flame Tongue
Press: ? - help, Shift-Dir - straight line, f/p - Ijyb
Aim: Ijyb, wielding a dagger of venom and wearing a glowing leather armour (almost dead)
You miscast Flame Tongue.
You are very lightly contaminated with residual magic.
Nothing appears to happen.
* * * LOW HITPOINT WARNING * * *
You feel sick. The bat barely misses you. Ijyb closely misses you.
Casting: Flame Tongue
Confirm with . or Enter, or press ? or * to list all spells.
Aiming: Flame Tongue
Press: ? - help, Shift-Dir - straight line, f/p - Ijyb
Aim: Ijyb, wielding a dagger of venom and wearing a glowing leather armour (almost dead)
The flame tongue hits Ijyb.
Ijyb appears unharmed.
Ijyb is almost dead.
You die...

##### #...####### ######
#...##....# #....#
#...##.##.####.##.#####
#...##.................
#....#@[...............
###.....bg#.#............
#.'....#.........##.#####
##....###...#.......#
#................#.#
#).#.).).#.......#.##
#.##.._..##.........#
#..#.).).#..##..##.#####
#............#..##.#....


You could see Ijyb and a bat.

Vanquished Creatures
  2 oozes (D:1)
  3 worms (D:2)
  2 giant geckos
  3 goblins (D:1)
  4 hobgoblins (D:1)
  6 kobolds
  3 bats
  A giant newt (D:2)
  4 jackals (D:2)
  7 rats
35 creatures vanquished.

Vanquished Creatures (others)
  20 toadstools (D:2)
20 creatures vanquished.

Grand Total: 55 creatures vanquished

Notes
Turn   | Place    | Note
--------------------------------------------------------------
     0 | D:1      | tp1 the Deep Elf Fire Elementalist began the quest for the Orb.
     0 | D:1      | Reached XP level 1. HP: 10/10 MP: 6/6
    56 | D:1      | Reached XP level 2. HP: 10/15 MP: 0/8
   124 | D:1      | Found an iron altar of Okawaru.
   505 | D:1      | Reached XP level 3. HP: 19/19 MP: 5/9
   665 | D:2      | Found a shadowy altar of Dithmenos.
   781 | D:2      | Found a faded altar to an unknown god.
  1067 | D:2      | Reached skill level 4 in Spellcasting
  1230 | D:2      | Noticed Ijyb
  1260 | D:1      | Succumbed to Ijyb's poison

Vault maps used:
D:1:      minmay_arrival_five_plusses, okawaru_ov_weapons_minmay
D:2:      nicolae_dithmenos_through_a_glass_darkly, tgw_fedhas,
          ecumenical_altar_2, nicolae_ru_the_path_less_chosen, uniq_iyjb

Action                   || total
-------------------------++-------
Melee: Short sword       ||     4
       Unarmed           ||     1
 Cast: Flame Tongue      ||    67
  Use: Potion            ||     6
  Eat: Chunk             ||     1
